 Dungeon Crawl Stone Soup version 0.29.1-13-g9f3cf754e1 (webtiles) character file.

Game seed: 7338928522007656259

81081 112233 the Warrior (level 15, -1/171 (174) HPs)
             Began as an Ogre Air Elementalist on Feb 9, 2023.
             Was an Initiate of Gozag.
             Slain by a six-headed hydra (13 damage)
             ... on level 1 of the Swamp.
             The game lasted 01:02:01 (50234 turns).

112233 the Warrior (Ogre Air Elementalist)         Turns: 50234, Time: 01:02:01

HP:   -1/171 (174)  AC:  5    Str: 16    XL:     15   Next: 69%
MP:   8/35          EV: 14    Int: 37    God:    Gozag
Gold: 33            SH:  0    Dex: 11    Spells: 12/46 levels left

rFire   . . .      SeeInvis .   g - staff of conjuration
rCold   . . .      Faith    .   (no shield)
rNeg    . . .      Spirit   .   Q - +0 robe of Generosity {Regen+ Dex+2}
rPois   .          Reflect  .   W - +2 hat {Int+3}
rElec   .          Harm     .   h - scarf {repulsion}
rCorr   .          Rampage  .   (gloves unavailable)
Will    +....                   (boots unavailable)
Stlth   ++........              x - amulet of the acrobat
HPRegen 1.18/turn               l - +6 ring of intelligence
MPRegen 0.24/turn               C - +6 ring of intelligence

@: lightly drained, invisible, repel missiles
A: large, unfitting armour, tough skin 1
a: Renounce Religion, Potion Petition, Call Merchant, Bribe Branch


You were on level 1 of the Swamp.
You worshipped Gozag.
Gozag was noncommittal.
You visited 6 branches of the dungeon, and saw 25 of its levels.
You also visited: Gauntlet.

You collected 6200 gold pieces.
You spent 1781 gold pieces at shops.
You paid 4386 gold pieces to Gozag.

Inventory:

Hand Weapons
 r - the +8 trident of the Octopus King {venom, rElec rPois}
   (You found it on level 5 of the Dungeon)

   It poisons the flesh of those it strikes.
   rElec:     It insulates you from electricity.
   rPois:     It protects you from poison.
Missiles
 i - a throwing net
 o - 2 boomerangs of dispersal
 z - 3 curare-tipped darts
Armour
 h - a scarf of repulsion (worn)
 B - a +1 cloak of preservation
 E - the +1 robe "Nulum" {Int+3}
   (You bought it in a shop on level 3 of the Lair of Beasts)

   Int:       It affects your intelligence (+3).
 F - a +1 troll leather armour
 M - a +2 robe of willpower
 Q - the +0 robe of Generosity (worn) {Regen+ Dex+2}
   (You bought it in a shop on level 3 of the Lair of Beasts)

   Dex:       It affects your dexterity (+2).
   Regen:     It increases your rate of health regeneration.
 W - a +2 hat of intelligence (worn)
Magical Staves
 g - a staff of conjuration (weapon)
 L - a staff of cold
Jewellery
 a - a ring of flight
 l - a +6 ring of intelligence (left hand)
 x - an amulet of the acrobat (around neck)
 y - a ring of wizardry
 C - a +6 ring of intelligence (right hand)
 D - a +4 ring of slaying
Wands
 f - a wand of paralysis (5)
 I - a wand of mindburst (14)
 N - a wand of iceblast (7)
 O - a wand of digging (10)
 R - a wand of flame (6)
Scrolls
 c - 3 scrolls of fog
 m - 4 scrolls of immolation
 p - a scroll of fear
 s - 4 scrolls of vulnerability
 v - 2 scrolls of brand weapon
 w - 2 scrolls of magic mapping
 G - 3 scrolls of poison
 H - 5 scrolls of amnesia
 P - 6 scrolls of identify
 V - 4 scrolls of enchant weapon
 Y - 2 scrolls of enchant armour
Potions
 b - 5 potions of flight
 d - 2 potions of haste
 e - 13 potions of curing
 n - 2 potions of cancellation
 q - 3 potions of lignification
 t - 2 potions of invisibility
 u - 2 potions of berserk rage
 A - a potion of attraction
 J - 3 potions of might
 K - 2 potions of mutation
 S - a potion of resistance
 Z - 9 potions of ambrosia
Miscellaneous
 X - a condenser vane (inert)


   Skills:
 + Level 17.3 Fighting
 + Level 12.1 Dodging
 - Level 1.4 Stealth
 + Level 16.4 Spellcasting
 - Level 0.9 Conjurations
 * Level 13.2 Air Magic


You had 12 spell levels left.
You knew the following spells:

 Your Spells              Type           Power      Damage    Failure   Level
a - Shock                 Conj/Air       100%       1d9       1%          1
b - Static Discharge      Conj/Air       90%        3-15/arc  1%          2
c - Airstrike             Air            45%        2d(7-23)  1%          4
d - Apportation           Tloc           60%        N/A       1%          1
e - Statue Form           Tmut/Erth      20%        N/A       86%         6
f - Swiftness             Air            91%        N/A       0%          3
g - Summon Lightning Spi  Summ/Air       68%        N/A       1%          4
h - Maxwell's Capacitive  Air            45%        ∞         32%         8
i - Silence               Hex/Air        34%        N/A       1%          5

Your spell library contained the following spells:

 Spells                   Type           Power      Damage    Failure   Level
 Freeze                   Ice            100%       1d11      1%          1
 Necrotise                Necr           100%       1d9       1%          1
 Slow                     Hex            100%       N/A       1%          1
 Summon Small Mammal      Summ           100%       N/A       1%          1
 Sublimation of Blood     Necr           30%        N/A       1%          2
 Dazzling Flash           Conj/Hex       100%       N/A       2%          3
 Call Canine Familiar     Summ           30%        N/A       3%          3
 Confusing Touch          Hex            30%        N/A       3%          3
 Frozen Ramparts          Ice            60%        1d10      3%          3
 Gell's Gravitas          Tloc           30%        N/A       3%          3
 Summon Guardian Golem    Hex/Summ       30%        N/A       3%          3
 Teleport Other           Tloc           30%        N/A       3%          3
 Vampiric Draining        Necr           30%        2d8       3%          3
 Hailstorm                Conj/Ice       50%        3d11      9%          4
 Conjure Ball Lightning   Conj/Air       45%        3x3d16    10%         6
 Anguish                  Hex/Necr       15%        N/A       11%         4
 Dispel Undead            Necr           30%        3d14      11%         4
 Leda's Liquefaction      Hex/Erth       15%        N/A       11%         4
 Petrify                  Tmut/Erth      30%        N/A       11%         4
 Irradiate                Conj/Tmut      25%        3d20      26%         5
 Agony                    Necr           30%        N/A       30%         5
 Alistair's Intoxication  Tmut/Pois      20%        N/A       30%         5
 Lee's Rapid Deconstruct  Erth           15%        3d11*     30%         5
 Death Channel            Necr           15%        N/A       86%         6
 Dispersal                Tloc           15%        N/A       86%         6
 Enfeeble                 Hex            15%        N/A       100%        7
 Borgnjor's Revivificati  Necr           15%        N/A       100%        8
 Disjunction              Tloc           15%        N/A       100%        8
 Necromutation            Tmut/Necr      15%        N/A       100%        8
 Death's Door             Necr           15%        N/A       100%        9
 Corpse Rot               Necr/Pois/Air  Unusable   N/A       N/A         4

Dungeon Overview and Level Annotations

Branches:
Dungeon (15/15)            Temple (1/1) D:5            Lair (5/5) D:8
  Swamp (1/4) Lair:3       Spider (1/4) Lair:3        Slime (0/5) Lair:5
    Orc (2/2) D:9             Elf (0/3) Orc:2       Gauntlet (visited)
 Vaults: D:13-14     Depths: D:15

Altars:
Ashenzari
Cheibriados
Dithmenos
Elyvilon
Fedhas
Gozag
Hepliaklqana
Kikubaaqudgha
Makhleb
Nemelex Xobeh
Okawaru
Qazlal
Ru
Sif Muna
Trog
Uskayaw
Vehumet
Wu Jian
Xom
Yredelemnul
Zin
The Shining One
Jiyva

Shops:
D:10 *   Orc:2 [?=(   Lair:3 [=[

Annotations:
D:5 1 runed translucent door, destino's ghost, novice OgTm
D:7 1 runed translucent door, Crazy Yiuf
D:8 exclusion: upstairs
D:9 4 runed translucent doors
D:13 Azrael; Rupert
D:14 exclusions: downstairs and 2 upstairs
D:15 exclusion: upstairs
Lair:1 exclusion: 2 oklob plants
Lair:2 exclusion: upstairs
Lair:4 exclusion: 2 downstairs
Lair:5 1 runed translucent door, exclusion: obsidian statue, Lith's ghost, journeyman DECj
Swamp:1 Josephine


Innate Abilities, Weirdness & Mutations

You are too large for most types of armour.
You have tough skin. (AC +1)


Message History

* * * LOW HITPOINT WARNING * * *
The six-headed hydra barely misses you.
The six-headed hydra closely misses you.
The six-headed hydra misses you.
The six-headed hydra closely misses you.
The swamp worm bites you!
* * * LOW HITPOINT WARNING * * *
You feel much better. The six-headed hydra bites you!
* * * LOW HITPOINT WARNING * * *
The six-headed hydra barely misses you.
The six-headed hydra closely misses you.
The six-headed hydra misses you.
The six-headed hydra closely misses you.
The six-headed hydra bites you!
* * * LOW HITPOINT WARNING * * *
The swamp worm closely misses you.
You feel much better.
The swamp worm seems to regain its courage.
The six-headed hydra bites you.
The six-headed hydra completely misses you.
The six-headed hydra bites you!
* * * LOW HITPOINT WARNING * * *
The six-headed hydra bites you but does no damage.
The six-headed hydra misses you. x2; The swamp worm bites you!
* * * LOW HITPOINT WARNING * * *
Unknown command.
As you read the scroll of fear, it crumbles to dust.
You assume a fearsome visage.
The tyrant leech looks frightened!
The six-headed hydra looks frightened!
The swamp worm resists with some effort.
The swamp worm barely misses you.
The six-headed hydra closely misses you.
The six-headed hydra barely misses you. The six-headed hydra bites you.
* * * LOW HITPOINT WARNING * * *
The six-headed hydra bites you!
* * * LOW HITPOINT WARNING * * *
The six-headed hydra bites you but does no damage.
The six-headed hydra bites you!
You die...
Your body crumbles into a pile of gold.

*♣...~~~.~~~~~~~..~~
*~~~~♣..tw~~~~~~.~~.
*.~~...~♣~§~~~~~~~,,
*♣.!.W♣♣♣♣♣..~~~~~,,
♣♣~.♣♣ *♣.~§.♣,,,
♣....♣ *♣♣.~.,,,
♣♣w~♣♣ **.§~~~ ♣♣D♣♣
*,~~~, ♣~@♣* *,~,**
♣~.w♣ ****~,
♣♣♣♣♣**** ******,,,
**~>~~,***~,**~,,,
*,,,~~,,,~*~,**,,*
**,,,,,,~,,**,~~~,
***,,~~,~,,~,~~~,
*,,~~~~~,,,,~~~~
**,~~~~~,*~,~~~,~


You could see a six-headed hydra (unable to see you, fleeing), a tyrant leech
(unable to see you, fleeing), a swamp worm (unable to see you) and a wraith.

Vanquished Creatures
  Gastronok (Lair:3)
  An azure jelly (Lair:5)
  A rockslime (Lair:5)
  Louise (D:14)
  3 quicksilver oozes (Lair:5)
  An eleionoma (Swamp:1)
  Nessos (D:14)
  A minotaur (Gauntlet)
  6 hydras
  A hell beast (Gauntlet)
  3 boulder beetles
  A catoblepas (D:14)
  2 death yaks (Lair:5)
  2 two-headed ogres
  2 centaur warriors
  3 tengu warriors
  Urug (D:13)
  4 orc high priests (Orc:2)
  3 spectral death yaks (Lair:5)
  A spectral anaconda (Lair:5)
  A wizard (D:14)
  2 orc knights (Orc:1)
  A lindwurm (Lair:5)
  2 necromancers (Lair:5)
  Pikel (D:8)
  An orc sorcerer (Orc:2)
  A deep elf pyromancer (D:9)
  6 ugly things
  An elephant (Lair:5)
  7 cyclopes
  6 manticores
  A torpor snail (Lair:3)
  8 black mambas
  11 cane toads
  A freezing wraith (D:14)
  5 kobold demonologists
  2 rime drakes
  16 komodo dragons
  2 dire elephant skeletons (Lair:5)
  An efreet (D:15)
  3 meliai
  A queen bee (D:12)
  13 trolls
  A polar bear (Lair:3)
  2 hornets
  11 blink frogs
  9 slime creatures
  6 dream sheep (Lair:5)
  3 jumping spiders (Lair:3)
  A spriggan (Lair:3)
  2 culicivoras (Lair:3)
  33 yaks
  A spriggan (shapeshifter) (D:15)
  A wraith (D:11)
  A vampire (D:13)
  3 wyverns
  2 basilisks
  Grum (D:8)
  3 steam dragons
  9 vampire mosquitoes
  A swamp worm (Swamp:1)
  A warg (Orc:2)
  2 acid dragons
  9 water moccasins
  Duvessa (D:5)
  3 hell hounds
  5 black bears
  19 orc warriors
  2 ice beasts (D:5)
  6 ogres
  11 wolves
  An elephant skeleton (Lair:5)
  9 centaurs
  A phantom (D:4)
  3 kobold brigands
  2 scorpions (D:6)
  12 bullfrogs
  2 gnoll sergeants
  2 necrophages
  2 cane toad simulacra (Lair:5)
  Dowan (D:5)
  6 wights
  3 elephant simulacra (Lair:5)
  31 killer bees
  2 electric eels (D:8)
  6 howler monkeys
  A gnoll bouda (D:7)
  14 hounds
  32 orc priests
  15 jellies
  4 iguanas
  23 orc wizards
  12 gnolls
  7 adders
  3 shadow imps
  3 worms
  3 dart slugs
  60 orcs
  5 bats
  7 endoplasms
  4 giant cockroaches
  5 goblins
  5 hobgoblins
  5 jackals
  3 quokkas
  5 ball pythons
  5 frilled lizards
  14 kobolds
  9 rats
  A butterfly (Lair:3)
609 creatures vanquished.

Vanquished Creatures (collateral kills)
  A rockslime (Lair:5)
  An apocalypse crab (Gauntlet)
  A water moccasin (Lair:5)
3 creatures vanquished.

Vanquished Creatures (others)
  24 fungi
  60 plants
  31 withered plants (Lair:5)
115 creatures vanquished.

Grand Total: 727 creatures vanquished

Notes
Turn   | Place    | Note
-------+----------+-------------------------------------------
     0 | D:1      | 112233 the Ogre Air Elementalist began the quest for the
                  | Orb.
     0 | D:1      | Reached XP level 1. HP: 16/16 MP: 3/3
   475 | D:1      | Reached XP level 2. HP: 24/24 MP: 1/6
   597 | D:1      | Learned a level 2 spell: Static Discharge
  1602 | D:2      | Reached XP level 3. HP: 31/31 MP: 0/8
  1774 | D:2      | Found a faded altar of an unknown god.
  2586 | D:3      | Found a bloodstained altar of Trog.
  2640 | D:3      | Reached XP level 4. HP: 39/39 MP: 4/10
  3008 | D:3      | Reached skill level 5 in Spellcasting
  3403 | D:4      | Reached XP level 5. HP: 45/45 MP: 7/13
  3617 | D:4      | Reached skill level 1 in Fighting
  3919 | D:4      | Reached skill level 2 in Fighting
  4032 | D:4      | Reached XP level 6. HP: 57/59 MP: 6/15
  4258 | D:4      | Reached skill level 3 in Fighting
  4720 | D:5      | Entered Level 5 of the Dungeon
  4757 | D:5      | Noticed a black bear
  4767 | D:5      | Killed a black bear
  4768 | D:5      | Reached XP level 7. HP: 29/68 MP: 4/16
  4991 | D:5      | Found a runed translucent door.
  4997 | D:5      | Noticed destino's ghost (novice OgTm)
  5004 | D:5      | Found the +8 trident of the Octopus King {venom, rElec
                  | rPois}
  5031 | D:5      | Found a staircase to the Ecumenical Temple.
  5063 | D:5      | Reached skill level 4 in Fighting
  5127 | D:5      | Learned a level 4 spell: Airstrike
  5487 | Temple   | Entered the Ecumenical Temple
  5529 | Temple   | Became a worshipper of Gozag Ym Sagoz the Greedy
  5724 | D:5      | Reached skill level 5 in Fighting
  5793 | D:5      | Noticed Dowan
  5838 | D:5      | Killed Dowan
  5997 | D:6      | Reached XP level 8. HP: 80/80 MP: 13/18
  6419 | D:6      | Reached skill level 5 in Air Magic
  6729 | D:6      | Reached skill level 6 in Fighting
  7005 | D:6      | Found a snail-covered altar of Cheibriados.
  7011 | D:6      | Found a shimmering blue altar of Sif Muna.
  7019 | D:6      | Found a sacrificial altar of Ru.
  7019 | D:6      | Found an ancient bone altar of Kikubaaqudgha.
  7027 | D:6      | Found a basalt altar of Yredelemnul.
  7387 | D:8      | Found an iron altar of Okawaru.
  7426 | D:9      | Found a large runed translucent door.
  7426 | D:9      | Found a large runed translucent door.
  7430 | D:9      | Noticed a boulder beetle
  7431 | D:9      | Noticed a tengu warrior
  7908 | D:8      | Noticed Grum
  7909 | D:8      | Reached XP level 9. HP: 92/92 MP: 12/21
  7919 | D:8      | Killed Grum
  7920 | D:8      | Reached skill level 7 in Fighting
  8127 | D:8      | Noticed a hornet
  8127 | D:8      | Noticed a troll
  8488 | D:7      | Found a runed translucent door.
  8489 | D:7      | Noticed Crazy Yiuf
  9605 | D:5      | Noticed Duvessa
  9614 | D:5      | Killed Duvessa
  9972 | D:5      | Reached skill level 8 in Fighting
  9975 | D:5      | Reached skill level 10 in Spellcasting
 10550 | D:8      | Killed a troll
 10551 | D:8      | Reached XP level 10. HP: 104/104 MP: 0/24
 11125 | D:8      | Found a staircase to the Lair.
 11155 | D:8      | Reached skill level 5 in Dodging
 11494 | D:8      | Noticed Pikel
 11501 | D:8      | Killed Pikel
 12006 | D:8      | Learned a level 1 spell: Apportation
 12133 | D:9      | Reached skill level 9 in Fighting
 12297 | D:9      | Found a staircase to the Orcish Mines.
 12355 | D:9      | Found a large runed translucent door.
 12355 | D:9      | Found a large runed translucent door.
 12392 | D:9      | Noticed a deep elf pyromancer
 12734 | D:9      | Found a sparkling altar of Nemelex Xobeh.
 13921 | D:9      | Reached skill level 10 in Fighting
 14055 | D:9      | Reached XP level 11. HP: 114/117 MP: 6/26
 14492 | D:9      | Killed a deep elf pyromancer
 14797 | D:9      | Noticed a deep elf pyromancer
 15116 | D:10     | Entered Level 10 of the Dungeon
 16092 | D:10     | Found Byruiweann's General Store.
 16100 | D:10     | Bought a potion of heal wounds for 60 gold pieces
 16394 | D:10     | Noticed a manticore
 16396 | D:10     | Killed a manticore
 16549 | D:11     | Found a gate leading to a gauntlet.
 16585 | D:11     | Reached skill level 11 in Fighting
 16589 | Gauntlet | Entered a Gauntlet
 16589 | Gauntlet | Noticed a hell beast
 16589 | Gauntlet | Found a transporter.
 16589 | Gauntlet | Found a transporter.
 16593 | Gauntlet | Noticed a catoblepas
 16662 | Gauntlet | Found a transporter.
 16670 | Gauntlet | Noticed a wizard
 16675 | Gauntlet | Found a transporter.
 16701 | Gauntlet | Found a transporter.
 16702 | Gauntlet | Found a transporter.
 16721 | Gauntlet | Found a transporter.
 16725 | Gauntlet | Found a transporter.
 16762 | Gauntlet | Found a transporter.
 16772 | Gauntlet | Found a transporter.
 16787 | Gauntlet | Found a transporter.
 16799 | Gauntlet | Found a transporter.
 16911 | Gauntlet | Learned a level 6 spell: Statue Form
 16919 | Gauntlet | Noticed a harpy
 16919 | Gauntlet | Noticed a moth of wrath
 16965 | Gauntlet | Killed a hell beast
 17539 | Gauntlet | Noticed a minotaur
 17587 | Gauntlet | Killed a minotaur
 17913 | Gauntlet | Identified the +1 pair of boots of Zealous Awe {rCorr
                  | Slay+2 Stlth+}
 17934 | Gauntlet | Learned a level 3 spell: Swiftness
 18068 | D:11     | Noticed a tengu warrior
 18096 | D:11     | Noticed a cyclops
 18207 | Orc:1    | Entered Level 1 of the Orcish Mines
 18213 | Orc:1    | Noticed a cyclops
 18218 | Orc:1    | Killed a cyclops
 18850 | Orc:2    | Entered Level 2 of the Orcish Mines
 19109 | Orc:2    | Reached XP level 12. HP: 127/132 MP: 8/28
 19243 | Orc:2    | Noticed a two-headed ogre
 19247 | Orc:2    | Killed a two-headed ogre
 19249 | Orc:2    | Reached skill level 12 in Fighting
 19481 | Orc:2    | Found a staircase to the Elven Halls.
 20850 | Orc:2    | Noticed an orc high priest
 21041 | Orc:2    | Killed an orc high priest
 21571 | Orc:2    | Noticed an orc high priest
 21577 | Orc:2    | Killed an orc high priest
 21805 | Orc:2    | Noticed an orc high priest
 21810 | Orc:2    | Killed an orc high priest
 22293 | Orc:2    | Noticed an orc high priest
 22296 | Orc:2    | Killed an orc high priest
 22953 | Orc:2    | Found Fuggid's Antique Weapon Boutique.
 22953 | Orc:2    | Found Jygusahi's Jewellery Boutique.
 22956 | Orc:2    | Found Daclew's Magic Scroll Shop.
 22956 | Orc:2    | Found Decw's Armour Shop.
 22968 | Orc:2    | Bought a scroll of fog for 40 gold pieces
 22968 | Orc:2    | Bought a scroll of teleportation for 30 gold pieces
 22968 | Orc:2    | Bought a scroll of magic mapping for 75 gold pieces
 22968 | Orc:2    | Bought a scroll of poison for 40 gold pieces
 23300 | Orc:1    | Reached skill level 13 in Fighting
 25031 | D:11     | Noticed a two-headed ogre
 25046 | D:11     | Killed a two-headed ogre
 25047 | D:11     | Reached skill level 10 in Air Magic
 25709 | D:12     | Reached XP level 13. HP: 144/144 MP: 13/30
 27096 | Lair:1   | Entered Level 1 of the Lair of Beasts
 27633 | Lair:1   | Reached skill level 14 in Fighting
 31513 | Lair:3   | Reached skill level 10 in Dodging
 32117 | Lair:3   | Found a staircase to the Swamp.
 32402 | Lair:3   | Noticed Gastronok
 32431 | Lair:3   | Killed Gastronok
 32783 | Lair:3   | Reached skill level 15 in Fighting
 32783 | Lair:3   | Reached XP level 14. HP: 55/159 MP: 3/32
 33205 | Lair:3   | Found a hole to the Spider Nest.
 35030 | D:11     | Identified the +6 scale mail of the Hurting Gods {rN++
                  | Int-4}
 35548 | D:12     | Reached skill level 15 in Spellcasting
 36885 | D:13     | Noticed Urug
 36900 | D:13     | Killed Urug
 37279 | D:13     | Noticed Rupert
 37368 | D:14     | Noticed Nessos
 37378 | D:14     | Noticed Louise
 37382 | D:14     | Killed Nessos
 37392 | D:15     | Entered Level 15 of the Dungeon
 37403 | D:14     | Killed Louise
 38495 | D:13     | Noticed Azrael
 39277 | D:15     | Found a bloodstained altar of Trog.
 40832 | D:15     | Reached skill level 16 in Fighting
 42298 | Lair:5   | Entered Level 5 of the Lair of Beasts
 42668 | Lair:5   | Noticed a rockslime
 42669 | Lair:5   | Noticed an azure jelly
 43304 | Lair:4   | You fall into a shaft and drop 1 floor!
 43339 | Lair:5   | Killed a rockslime
 43555 | Lair:5   | Killed an azure jelly
 43556 | Lair:5   | Reached XP level 15. HP: 108/171 MP: 3/34
 45434 | Lair:5   | Found a runed translucent door.
 45436 | Lair:5   | Identified the +6 spear "Sighi" {venom, Will+ Str+2}
 45436 | Lair:5   | Noticed Lith's ghost (journeyman DECj)
 45791 | Lair:5   | Found a staircase to the Slime Pits.
 45816 | Lair:5   | Found a viscous altar of Jiyva.
 46314 | Lair:5   | Noticed a rockslime
 46321 | Lair:5   | Killed a rockslime
 46322 | Lair:5   | Reached skill level 17 in Fighting
 48828 | Lair:5   | Identified a scroll of acquirement
 48828 | Lair:5   | Acquired 112233's Catalogue of Vapour
 48982 | Lair:5   | Learned a level 4 spell: Summon Lightning Spire
 48991 | Lair:5   | Learned a level 8 spell: Maxwell's Capacitive Coupling
 50042 | Lair:3   | Bought a shimmering robe for 228 gold pieces
 50042 | Lair:3   | Identified the +1 robe "Nulum" {Int+3} (You bought it in a
                  | shop on level 3 of the Lair of Beasts)
 50042 | Lair:3   | Bought a shiny troll leather armour for 720 gold pieces
 50042 | Lair:3   | Bought a warped robe for 228 gold pieces
 50042 | Lair:3   | Identified the +0 robe of Generosity {Regen+ Dex+2} (You
                  | bought it in a shop on level 3 of the Lair of Beasts)
 50053 | Lair:3   | Bought a +6 ring of intelligence for 360 gold pieces
 50065 | Lair:3   | Learned a level 5 spell: Silence
 50116 | Spider:1 | Entered Level 1 of the Spider Nest
 50197 | Swamp:1  | Entered Level 1 of the Swamp
 50211 | Swamp:1  | Noticed Josephine
 50234 | Swamp:1  | Slain by a six-headed hydra

Illustrated notes

Levels and vault maps discovered:
D:1:      minmay_arrival_hallway, layout_basic
D:2:      layout_loops_ring, shapermc_ecumenical_altar_ellora
D:3:      minmay_evil_eye, layout_rooms, mainiacjoe_overflow_catwalk,
          serial_bayou_lake_a
D:4:      layout_cave_pools, enter_ossuary_2
D:5:      layout_basic, minmay_temple_entry_gardened_gates,
          ebering_ghost_sewer_d, minmay_between, uniq_duvessa
D:6:      layout_cave_pools, minmay_overflow_temple_star_hex
D:7:      layout_basic, uniq_crazy_yiuf_cottage
D:8:      layout_layer_cave, overflow_temple_1_default, erik_lair_island,
          serial_glass, glass_columns_a, glass_columns_c, uniq_pikel, uniq_grum
D:9:      layout_cave_pools, mainiacjoe_overflow_alcove_1, hiddenorc1_lemuel,
          minmay_hollow_rounded_squares
D:10:     layout_roguey, serial_shops, shop, serial_corexii_hall,
          chequers_hall_statues_y, chequers_hall_statues_corner_a
D:11:     layout_grid_maze, gauntlet_entry_generic, minmay_diamond_spiral
D:12:     layout_roguey, special_room [special_room_bee],
          chequers_serial_rivers_small_a
D:13:     layout_layer_cave, skrybe_vaults_entry_preservation, uniq_azrael,
          uniq_urug, uniq_rupert
D:14:     layout_loops_ring, serial_bayou_pond_d, uniq_louise, uniq_nessos
D:15:     gammafunk_enter_depths_forms, layout_cross, lemuel_crystal_altar,
          enter_trove_0
Temple:   eino_temple_lava
Lair:1:   dpeg_oklob_gauntlet, layout_cave_pods
Lair:2:   layout_loops_ring, lemuel_fruit_tree
Lair:3:   layout_long_grid, minmay_swamp_entry_swarm,
          spider_nest_entry_funnel_web, grunt_forest_stairs_clearing,
          lemuel_fruit_fields, infiniplex_staircase_pool, serial_bayou_shore_b,
          grunt_megastairs_4, uniq_gastronok
Lair:4:   hellmonk_ruined_rings, layout_misc_corridors,
          hangedman_lair_unloving_vines
Lair:5:   due_jungle_book, layout_cave_pods, slime_entry_1, special_room
          [special_room_jelly], ebering_ghost_funeral_grove
Swamp:1:  layout_basic_swamp, ebering_ghost_inner_flame,
          evilmike_swamp_ruin_house_4, uniq_josephine
Spider:1: layout_cave_pods
Orc:1:    nicolae_orc_accident_1, layout_diamond_mine, nicolae_orc_lava_tube
Orc:2:    st_orc_mages, layout_diamond_mine, basic_altar

Skill      XL: |  1  2  3  4  5  6  7  8  9 10 11 12 13 14 15 |
---------------+----------------------------------------------+-----
Spellcasting   | 3 4 5 6 7 8 10 11 12 13 14 15 16 | 16.4
Fighting       | 2 3 5 6 8 10 11 13 15 16 17 | 17.3
Air Magic      | 3 4 5 6 7 9 10 11 12 13 | 13.2
Dodging        | 3 4 6 7 9 10 11 12 | 12.1
Stealth        | |  1.4
Conjurations   | |  0.9

Action                   |  1- 3 |  4- 6 |  7- 9 | 10-12 | 13-15 || total
-------------------------+-------+-------+-------+-------+-------++-------
Melee: Trident           |       |       |     6 |     7 |    31 ||    44
       Staff             |       |       |       |    12 |    57 ||    69
 Cast: Shock             |    73 |   105 |    23 |     4 |       ||   205
       Static Discharge  |     5 |    11 |    15 |    26 |    52 ||   109
       Airstrike         |       |       |    96 |   362 |   653 ||  1111
       Apportation       |       |       |       |     4 |       ||     4
Invok: Potion Petition   |       |       |       |     4 |     3 ||     7
       Call Merchant     |       |       |       |       |     3 ||     3
Evoke: Wand              |       |       |     2 |    18 |    12 ||    32
       Condenser vane    |       |       |       |       |     3 ||     3
  Use: Potion            |     1 |       |       |     6 |     5 ||    12
       Scroll            |       |       |     1 |    27 |    19 ||    47
 Stab: Distracted        |       |       |       |       |     1 ||     1
Armor: Robe              |     5 |     9 |     3 |    32 |    56 ||   105
       Skin              |       |       |       |    18 |       ||    18
Dodge: Dodged            |    15 |    14 |    29 |   122 |   354 ||   534
       Repelled          |       |       |       |     1 |     6 ||     7
